AoeStats
← Huskarls4

MegaRandom

504232462Analyzed
4v4 RM · 2mo ago on Sep 4, 2026· 50m 47s· 8 players
Game mode
Random Map
Map size
Large (8 player)
Population
200
Speed
Normal
Resources
Standard
Victory
Conquest
Starting age
Dark Age
Ending age
Imperial Age
RankedLock teamsTeams togetherTeam positionsShared explorationLock speedFull tech treeHidden civsTurbo modeCheats
Victory
Defeat
🇨🇳 Spanish · China
1782
+6
🇨🇳 Mongols · China
1608
+13
🇨🇳 Romans · China
1372
+23
1335
+23
vs
🇺🇸 Ethiopians · United States
1580
-19
🇨🇳 Wei · China
1528
-16
🇬🇧 Persians · United Kingdom
1513
-15
🇨🇳 Gurjaras · China
1505
-15
虹夏妈妈
7:33 Loom
10:26 Feudal Age
11:11 Double-Bit Axe
11:10 Horse Collar
11:25 Town Watch
14:09 Castle Age
15:48 Bow Saw
17:16 Fletching
23:05 Wheelbarrow
28:45 Hand Cart
31:38 Imperial Age
29:49 Forging
30:25 Bloodlines
30:16 Husbandry
30:22 Scale Barding Armor
31:33 Iron Casting
31:57 Chain Barding Armor
30:59 Light Cavalry
31:53 Elite Steppe Lancer
33:40 Blast Furnace
34:28 Heavy Plow
34:20 Gold Mining
34:20 Stone Mining
35:05 Conscription
34:21 Hussar
36:23 Coinage
36:30 Bodkin Arrow
37:09 Caravan
37:41 Banking
43:42 Nomads
Mr.Robin
8:11 Loom
11:06 Feudal Age
11:44 Double-Bit Axe
14:45 Castle Age
13:16 Scale Mail Armor
14:25 Man-at-Arms
16:16 Chain Mail Armor
17:27 Squires
18:08 Long Swordsman
20:05 Bow Saw
22:02 Gold Mining
23:27 Town Watch
24:19 Wheelbarrow
25:35 Fletching
31:16 Pikeman
34:54 Imperial Age
32:56 Ballistics
34:51 Gold Shaft Mining
35:09 Forging
35:05 Stone Mining
35:56 Fervor
36:16 Conscription
36:05 Ballistas
36:24 Halberdier
37:20 Hand Cart
37:57 Capped Ram
40:06 Heavy Scorpion
43:10 Chemistry
42:16 Siege Engineers
45:13 Masonry
45:44 Caravan
48:47 Town Patrol
50:07 Iron Casting
C15-kyosokyoku
2:43 Loom
9:19 Feudal Age
14:14 Castle Age
14:12 Double-Bit Axe
15:29 Bow Saw
27:29 Scale Mail Armor
27:31 Padded Archer Armor
29:44 Leather Archer Armor
31:26 Horse Collar
35:25 Wheelbarrow
37:41 Hand Cart
37:31 Stone Mining
37:33 Gold Mining
38:42 Bloodlines
38:56 Caravan
43:52 Imperial Age
43:42 Husbandry
44:34 Scale Barding Armor
44:11 Light Cavalry
45:42 Forging
46:06 Chain Barding Armor
46:29 Elite Conquistador
47:29 Conscription
48:48 Ring Archer Armor
51:11 Plate Barding Armor
51:11 Iron Casting
51:05 Fletching
哭稀饭(2125613428)
3:12 Loom
11:10 Feudal Age
16:11 Castle Age
26:50 Fervor
27:09 Double-Bit Axe
27:06 Horse Collar
30:38 Husbandry
30:48 Bloodlines
32:00 Scale Barding Armor
32:06 Forging
34:00 Chain Barding Armor
39:04 Imperial Age
39:16 Heavy Camel Rider
40:25 Frontier Guards
40:28 Conscription
41:44 Wheelbarrow
42:23 Plate Barding Armor
42:23 Iron Casting
42:49 Kshatriyas
45:18 Elite Shrivamsha Rider
47:29 Caravan
50:36 Fletching
50:46 Padded Archer Armor
51:53 Chemistry
51:13 Ballistics
Huskarls4
4:38 Loom
8:31 Feudal Age
9:01 Double-Bit Axe
17:54 Castle Age
16:51 Forging
16:57 Scale Barding Armor
17:00 Horse Collar
18:33 Bloodlines
26:24 Wheelbarrow
26:58 Chain Barding Armor
27:24 Bow Saw
28:04 Husbandry
28:53 Gold Mining
29:37 Hand Cart
30:35 Iron Casting
31:12 Fletching
37:15 Imperial Age
36:55 Cavalier
38:37 Blast Furnace
38:31 Light Cavalry
41:00 Savar
42:24 Plate Barding Armor
43:40 Bodkin Arrow
44:48 Chemistry
44:00 Masonry
43:51 Heavy Camel Rider
50:11 Town Watch
50:20 Hussar
Heyfai
3:55 Loom
10:34 Feudal Age
11:20 Double-Bit Axe
14:56 Castle Age
14:01 Fletching
17:32 Wheelbarrow
17:22 Bodkin Arrow
17:36 Husbandry
18:14 Ballistics
21:13 Horse Collar
25:06 Hand Cart
25:04 Gold Mining
26:09 Heavy Plow
26:21 Crossbowman
28:31 Thumb Ring
31:28 Imperial Age
30:00 Gold Shaft Mining
31:28 Arbalester
32:09 Bracer
33:11 Chemistry
34:00 Padded Archer Armor
35:04 Leather Archer Armor
39:01 Ring Archer Armor
40:58 Stone Mining
41:59 Elite Skirmisher
43:14 Conscription
44:47 Forging
44:42 Scale Barding Armor
44:40 Scale Mail Armor
46:56 Halberdier
48:01 Squires
48:23 Chain Mail Armor
48:46 Iron Casting
_EMA_001
6:42 Loom
8:51 Feudal Age
9:40 Horse Collar
9:49 Double-Bit Axe
10:28 Town Watch
12:34 Forging
15:06 Bloodlines
21:52 Castle Age
22:12 Wheelbarrow
22:47 Heavy Plow
24:08 Bow Saw
31:27 Hand Cart
32:48 Gold Mining
35:42 Imperial Age
34:12 Kshatriyas
35:16 Ballistics
36:13 Fletching
37:04 Crop Rotation
36:53 Bodkin Arrow
38:00 Chemistry
38:23 Conscription
38:16 Elite Elephant Archer
39:45 Murder Holes
39:28 Heavy Camel Rider
40:44 Scale Barding Armor
41:14 Iron Casting
41:23 Bracer
43:01 Chain Barding Armor
45:02 Plate Barding Armor
44:50 Frontier Guards
46:44 Husbandry
47:29 Light Cavalry
48:54 Onager
knife
3:02 Loom
10:20 Feudal Age
12:16 Town Watch
12:26 Town Watch
14:59 Castle Age
12:55 Fletching
12:57 Double-Bit Axe
12:53 Horse Collar
14:41 Padded Archer Armor
15:58 Husbandry
21:08 Leather Archer Armor
32:03 Wheelbarrow
35:31 Wheelbarrow
36:06 Bodkin Arrow
49:11 Caravan
Connection lost

Rejoining the realm…

Still unreachable

The connection could not be restored.

Session expired

The server has moved on; the page needs a fresh start.